 Dungeon Crawl Stone Soup version 0.28-a0-1286-g6bde065e89 (webtiles) character file.

Game seed: 5264502066862207128

90 browni3141 the Cudgeller (level 4, -1/33 HPs)
             Began as a Formicid Gladiator on Dec 27, 2021.
             Slain by an ogre (18 damage)
             ... on level 3 of the Dungeon.
             The game lasted 00:04:10 (4237 turns).

browni3141 the Cudgeller (Formicid Gladiator)       Turns: 4237, Time: 00:04:10

Health: -1/33      AC: 10    Str: 21    XL:     4   Next: 85%
Magic:  0/13       EV:  8    Int:  7    God:
Gold:   119        SH:  0    Dex: 12    Spells: 3/3 levels left

rFire   . . .      SeeInvis +   a - +0 flail
rCold   . . .      Faith    .   (no shield)
rNeg    . . .      Spirit   +   s - +0 chain mail
rPois   +          Reflect  .   (helmet unavailable)
rElec   .          Harm     .   p - +1 cloak
rCorr   .          Rampage  .   (no gloves)
Will    .....                   (no boots)
Stlth   ..........              m - amulet of guardian spirit
HPRegen 0.11/turn               f - ring of magical power
MPRegen 0.13/turn               t - ring of poison resistance

@: no status effects
A: permanent stasis, dig shafts and tunnels, antennae 3, four strong arms
a: Dig, Shaft Self


You were on level 3 of the Dungeon.
You visited 1 branch of the dungeon, and saw 4 of its levels.

You collected 155 gold pieces.
You spent 36 gold pieces at shops.

Inventory:

Hand Weapons
 a - a +0 flail (weapon)
 b - a +0 hunting sling
Missiles
 c - 3 throwing nets
 d - 11 poisoned darts (quivered)
 k - 32 sling bullets
 l - 110 stones
Armour
 j - a +0 leather armour
 p - a +1 cloak (worn)
 s - a +0 chain mail (worn)
Jewellery
 f - a ring of magical power (left hand)
 m - an amulet of guardian spirit (around neck)
 t - a ring of poison resistance (right hand)
Scrolls
 e - a scroll of vulnerability {unknown}
 g - 2 scrolls of brand weapon {unknown}
 h - a scroll of blinking {unknown}
 i - a scroll of torment {unknown}
 n - 2 scrolls of teleportation
 o - 2 scrolls of identify {unknown}
Potions
 q - a potion of curing
 r - 2 potions of heal wounds {unknown}
 u - 2 potions of degeneration {unknown}


   Skills:
 - Level 2.2 Fighting
 * Level 5.2 Maces & Flails
 - Level 2.0 Throwing
 - Level 2.7 Dodging


You had 3 spell levels left.
You didn't know any spells.
Your spell library contained the following spells:

 Spells                   Type           Power      Damage    Failure   Level
 Stone Arrow              Conj/Erth      0%         3d7       100%        3
 Animate Armour           Summ/Erth      0%         N/A       100%        4
 Lehudib's Crystal Spear  Conj/Erth      0%         10d2      100%        8


Dungeon Overview and Level Annotations

Branches:
Dungeon (4/15)
 Temple: D:4-7

Altars:
Dithmenos
Okawaru

Shops:
D:2 !

Portals:
Abyss: D:3

Annotations:
D:3 2 transporters, browni3141's ghost, amateur GnWn


Innate Abilities, Weirdness & Mutations

You cannot be hasted, slowed, berserked, paralysed or teleported.
You can dig through walls and to a lower floor.
You have a pair of large antennae on your head. (SInv)
Your four strong arms can wield two-handed weapons with a shield.


Message History

r - Retreat! s - Stop attacking. g - Guard the area. f - Follow me.
Anything else - Cancel.
You shout for attention!
You throw a poisoned dart.
The poisoned dart closely misses the ogre.
You throw a poisoned dart.
The poisoned dart barely misses the ogre.
You throw a poisoned dart.
The poisoned dart barely misses the ogre.
The ogre hits you with a +0 giant club! The ogre hits you with a +0 giant club.
You see here 25 arrows.
You see here a +0 dagger.
The shadow imp shouts!
There is a transporter here.
The gnoll shouts!
You throw a poisoned dart. The poisoned dart hits the ogre.
You throw a poisoned dart.
The poisoned dart barely misses the ogre.
The ogre hits you with a +0 giant club!
You see here a +0 dagger.
You throw a poisoned dart.
The poisoned dart closely misses the ogre.
Really walk into that dispersal trap?
You enter a dispersal trap!
The ogre blinks! x2
You feel a strange sense of stasis.
There is a dispersal trap here.
You throw a poisoned dart.
The poisoned dart barely misses the ogre.
Really walk into that dispersal trap? [Y]es or [N]o only, please.
Really walk into that dispersal trap?
You enter a dispersal trap!
The ogre blinks!
You feel a strange sense of stasis.
The ogre hits you with a +0 giant club!!
There is a dispersal trap, spattered with blood here.
The ogre hits you with a +0 giant club!!
Ouch! That really hurt!
You die...

#..... #.####
########### #.#
#........<# #.#
#.######### #.#
#.# #.# #.# #.#
#.############.#
#O@.(..........#
#^############.#
### ###


You could see an ogre.

Vanquished Creatures
  2 adders
  7 dart slugs
  9 ball pythons
  3 bats
  3 endoplasms
  A giant cockroach (D:2)
  6 goblins
  2 hobgoblins (D:2)
  4 jackals (D:2)
  7 kobolds
  2 quokkas (D:3)
  3 frilled lizards
  7 rats
56 creatures vanquished.

Vanquished Creatures (others)
  23 plants (D:4)
23 creatures vanquished.

Grand Total: 79 creatures vanquished

Notes
Turn   | Place    | Note
-------+----------+-------------------------------------------
     0 | D:1      | browni3141 the Formicid Gladiator began the quest for the
                  | Orb.
     0 | D:1      | Reached XP level 1. HP: 16/16 MP: 1/1
   121 | D:1      | Reached XP level 2. HP: 12/22 MP: 2/2
   749 | D:1      | Reached XP level 3. HP: 25/27 MP: 3/3
   781 | D:1      | Reached skill level 4 in Maces & Flails
  1005 | D:1      | Found a faded altar of an unknown god.
  1955 | D:2      | Found an iron altar of Okawaru.
  2054 | D:2      | Reached XP level 4. HP: 31/33 MP: 4/4
  2109 | D:2      | Found Tallufo's Distillery.
  2114 | D:2      | Bought a potion of curing for 36 gold pieces
  2530 | D:3      | Noticed a small abomination
  2535 | D:3      | Found a transporter.
  2575 | D:3      | Found a shadowy altar of Dithmenos.
  2676 | D:3      | Reached skill level 5 in Maces & Flails
  3004 | D:3      | Noticed browni3141's ghost (amateur GnWn)
  3015 | D:3      | Found a transporter.
  3060 | D:3      | Found a one-way gate to the infinite horrors of the Abyss.
  3436 | D:4      | Noticed an ogre
  4237 | D:3      | Slain by an ogre

Illustrated notes

Levels and vault maps discovered:
D:1:      dpeg_arrival_windows_large_door, layout_basic,
          dreamdust_ecumenical_altar_hidden_monk_grotto, minmay_tromino_i2
D:2:      layout_basic, basic_altar, serial_shops, shop, minmay_misc_feat_five,
          minivault_23
D:3:      layout_basic, grunt_dithmenos_smoke, gammafunk_ghost_abyssal_escape
D:4:      layout_basic, grunt_decor_one_mirror, serial_bayou_lagoon_a

Skill      XL: |  1  2  3  4 |
---------------+-------------+-----
Maces & Flails | 4 5 |  5.2
Fighting       | |  2.2
Throwing       | |  2.0
Dodging        | |  2.7

Action                   |  1- 3 |  4- 6 || total
-------------------------+-------+-------++-------
Melee: Flail             |    73 |    94 ||   167
 Fire: Hunting sling     |       |     2 ||     2
Throw: Dart              |       |     9 ||     9
Armor: Leather armour    |    37 |    13 ||    50
       Chain mail        |       |    34 ||    34
Dodge: Dodged            |    61 |    51 ||   112

Table legend: (Time is in decaauts)
 A = Elapsed time spent in this place.
 B = Non-inter-level travel time spent in this place.
 C = Inter-level travel time spent in this place.
 D = Time resting spent in this place.
 E = Time spent auto-exploring this place.
 F = Levels seen in this place.
 G = Mean time per level.
                   A        B        C        D        E       F      G
               +--------+--------+--------+--------+--------+-----+--------+
         Total |   4265 |   3914 |    351 |    262 |   2899 |   4 | 1066.2 |
       Dungeon |   4265 |   3914 |    351 |    262 |   2899 |   4 | 1066.2 |
               +--------+--------+--------+--------+--------+-----+--------+

Top non-repeatable levels by time:
     D:3: 1625 daAuts
     D:1: 1538 daAuts
     D:2: 1004 daAuts
     D:4: 97 daAuts
